 Dungeon Crawl Stone Soup version 0.20.1-1-g8b1a95d (webtiles) character file.

64 equalderp2856 the Skirmisher (level 3, 0/33 HPs)
             Began as a Minotaur Fighter on Oct 21, 2017.
             Killed by divine providence
             ... invoked by an orc priest
              (14 damage)
             ... on level 3 of the Dungeon.
             The game lasted 00:01:35 (1416 turns).

equalderp2856 the Skirmisher (Minotaur Fighter)     Turns: 1416, Time: 00:01:36

Health: 0/33       AC:  7    Str: 20    XL:     3   Next: 91%
Magic:  2/2        EV:  7    Int:  5    God:
Gold:   96         SH:  9    Dex: 10    Spells: 2/2 levels left

rFire    . . .     SeeInvis .   a - +0 war axe
rCold    . . .     Gourm    .   c - +0 shield
rNeg     . . .     Faith    .   b - +0 scale mail
rPois    .         Spirit   .   (helmet restricted)
rElec    .         Reflect  .   (no cloak)
rCorr    .         Harm     .   (no gloves)
MR       .....                  (no boots)
Stlth    ..........             (no amulet)
Regen    0.2/turn               (no ring)
MPRegen  0.1/turn               (no ring)

@: no status effects
A: retaliatory headbutt, horns 2
a: no special abilities


You were on level 3 of the Dungeon.
You were not hungry.

You visited 1 branch of the dungeon, and saw 3 of its levels.

You collected 96 gold pieces.

Inventory:

Hand Weapons
 a - a +0 war axe (weapon)
Armour
 b - a +0 scale mail (worn)
 c - a +0 shield (worn)
Jewellery
 n - an uncursed ring of magical power {unknown}
 t - a cursed ring of loudness {unknown}
Scrolls
 e - a scroll of remove curse {unknown}
 h - a scroll of fear {unknown}
 m - a scroll of enchant weapon {unknown}
 p - 2 scrolls of identify {unknown}
 q - 2 scrolls of blinking {unknown}
 r - a scroll of teleportation {unknown}
Potions
 d - a potion of might
 i - a potion of lignification {unknown}
 j - 3 potions of heal wounds {unknown}
 k - 3 potions of brilliance {unknown}
 o - a potion of curing {unknown}
Comestibles
 f - 2 bread rations
 g - 2 meat rations
 l - 2 fruits
 u - a royal jelly


   Skills:
 + Level 4.2 Fighting
 + Level 3.7 Axes
 + Level 4.2 Armour
 + Level 0.4 Dodging
 + Level 0.1 Stealth
 + Level 3.8 Shields


You had 2 spell levels left.
You didn't know any spells.

Dungeon Overview and Level Annotations

Branches:
Dungeon (3/15)

Altars:
Elyvilon
Qazlal
Trog


Innate Abilities, Weirdness & Mutations

You reflexively headbutt those who attack you in melee.
You have a pair of horns on your head.


Message History

You are too injured to fight recklessly!
You are too injured to fight recklessly!
You are too injured to fight recklessly!
You are too injured to fight recklessly!
You are too injured to fight recklessly!
You are too injured to fight recklessly!
You are too injured to fight recklessly!
You are too injured to fight recklessly!
You are too injured to fight recklessly!
You are too injured to fight recklessly!
You are too injured to fight recklessly!
There are monsters nearby!
Unknown command.
The orc priest casts a cantrip, but nothing happens.
The orc moves out of view.
There is a stone staircase leading up here.
The quokka bites you but does no damage.
The orc priest mumbles some strange prayers to Beogh against you.
Beogh smites you!
You die...

........
...... #....
... #)#
#####o######
#...o......#
#..........#
#@r........#
#..........#
#..........#
##....#######
#.##.†......
#.##.#...###
#.##.#...#
#.##†# ..#
#.##.# ..#


You could see an orc priest, an orc and a quokka.

Vanquished Creatures
  An ooze (D:2)
  A worm (D:2)
  A dart slug (D:2)
  2 leopard geckos (D:1)
  An orc (D:3)
  5 bats
  3 giant cockroaches
  4 hobgoblins
  5 jackals
  3 ball pythons (D:2)
  A frilled lizard (D:2)
  5 goblins
  10 kobolds
  7 rats
49 creatures vanquished.

Notes
Turn   | Place    | Note
-------+----------+-------------------------------------------
     0 | D:1      | equalderp2856 the Minotaur Fighter began the quest for the Orb.
     0 | D:1      | Reached XP level 1. HP: 19/19 MP: 0/0
   190 | D:1      | Reached XP level 2. HP: 23/27 MP: 1/1
   514 | D:2      | Reached XP level 3. HP: 33/33 MP: 2/2
  1230 | D:2      | Found a white marble altar of Elyvilon.
  1233 | D:2      | Found a bloodstained altar of Trog.
  1237 | D:2      | Found a stormy altar of Qazlal.
  1416 | D:3      | Killed from afar by an orc priest

Skill      XL: |  1  2 |
---------------+-------+-----
Armour         | 4 |  4.2
Fighting       | 4 |  4.2
Axes           | 3 |  3.7
Dodging        | |  0.4
Stealth        | |  0.1
Shields        | |  3.8

Action                   || total
-------------------------++-------
Melee: War axe           ||   123
       Headbutt          ||    14
  Eat: Chunk             ||     2
Armor: Scale mail        ||    48
Dodge: Dodged            ||    47
Block: Shield            ||    65
